 Dungeon Sprint DCSS version 0.18.1-6-gd335043 (webtiles) character file.

1695 Hipnos the Unseen (level 8, -5/37 HPs)
             Began as a Spriggan Enchanter on May 19, 2016.
             Was an Elder of Sif Muna.
             Shot with an arrow by a centaur warrior (18 damage)
             ... in the Dungeon (Sprint I: "Red Sonja").
             The game lasted 00:02:58 (538 turns).

Hipnos the Unseen (Spriggan Enchanter)               Turns: 538, Time: 00:02:59

Health: -5/37      AC:  3    Str:  4    XL:     8   Next: 72%
Magic:  0/32       EV: 22    Int: 19    God:    Sif Muna [****..]
Gold:   551        SH:  0    Dex: 16    Spells: 3 memorised, 21 levels left

rFire  . . .     SeeInvis +     a - +1 dagger
rCold  . . .     Gourm    .     b - +1 robe
rNeg   . . .     Faith    .     (shield restricted)
rPois  .         Spirit   +     (helmet restricted)
rElec  .         Dismiss  .     (no cloak)
rCorr  .         Reflect  .     (gloves unavailable)
SustAt .         Harm     .     (boots unavailable)
MR     +....     NoTele   +     m - amulet of guardian spirit
Stlth  ++++++++..               (no ring)
                                e - ring of magical power

@: very slightly contaminated, very quick, somewhat resistant to hostile
enchantments, extraordinarily stealthy
A: unfitting armour, see invisible, herbivore 3, speed 3, slow metabolism 2
a: Channel Energy, Forget Spell, Renounce Religion


You were in the Dungeon.
You worshipped Sif Muna.
Sif Muna was greatly pleased with you.
You were not hungry.

You visited 1 branch You collected 551 gold pieces.

Inventory:

Hand Weapons
 a - a +1 dagger (weapon)
Armour
 b - a +1 robe (worn)
Jewellery
 e - a ring of magical power (left hand)
 m - an amulet of guardian spirit (around neck)
Potions
 f - a potion of heal wounds
 g - a potion of haste
 h - 2 potions of magic
 i - a potion of berserk rage
 k - 2 potions of cancellation {unknown}
 l - 2 potions of agility {unknown}
Books
 c - a book of Maledictions

   Spells                             Type                      Level
   a - Corona                         Hexes                        1
   b - Ensorcelled Hibernation        Hexes/Ice                    2
   c - Confuse                        Hexes                        3
   d - Tukima's Dance                 Hexes                        3
   e - Dazzling Spray                 Conjuration/Hexes            3
Comestibles
 d - a bread ration


   Skills:
 + Level 1.0 Fighting
 + Level 2.4 Short Blades
 + Level 6.9 Dodging
 * Level 17.1 Stealth
 * Level 10.2 Spellcasting
 * Level 14.2 Hexes
 + Level 2.4 Ice Magic


You had 21 spell levels left.
You knew the following spells:

 Your Spells              Type           Power        Failure   Level  Hunger
a - Corona                Hex            ######.      1%          1    None
b - Ensorcelled Hibernat  Hex/Ice        #####.       1%          2    None
c - Confuse               Hex            ######..     1%          3    None


Dungeon Overview and Level Annotations

Branches:
Dungeon (1/1)

Altars:
Cheibriados
Dithmenos
Elyvilon
Fedhas
Gozag
Kikubaaqudgha
Makhleb
Nemelex Xobeh
Okawaru
Pakellas
Qazlal
Ru
Sif Muna
Trog
Vehumet
Xom
Yredelemnul
Zin
The Shining One
Jiyva

Shops:
D ::[


Innate Abilities, Weirdness & Mutations

You are tiny and cannot use many weapons and most armour.
You have supernaturally acute eyesight.
You are a herbivore.
You cover ground extremely quickly.
You need consume almost no food.


Message History

You enter the shallow water.
Moving in this stuff is going to be slow.
The centaur warrior shouts! x2
The centaur warrior wields a longbow.
The centaur warrior shoots an arrow.
The arrow hits you!!
You hear a splash.
The centaur warrior shoots an arrow.
The arrow hits you!!
Found a peridot ring.
You see here an arrow.
Read which item? (? for menu, Esc to quit)
Blink to where?
Press: ? - help, Dir - move target cursor You are very lightly contaminated with residual magic.
As you read the scroll of blinking, it crumbles to dust.
You close the door.
Something unseen opens the door.
There is an open door here.
The centaur warrior wields a shortbow.
The centaur warrior shoots an arrow.
The arrow hits you!!
You die...

#..#####'#####'#__#
#..####..#...#[####§§#
#..#__####..##[#≈≈§§c#
#..#_.___##'#..+§§≈§.+
#⌠⌠#_.∩..†'..._#≈≈§§§#
####_..._##_.#'##c####
#_____###'#.#.§..###
############.####c###.##
#∩........'..@'.§§..'.∩#
###++++####.).##########
##.## #+#


You could see a centaur warrior.

Vanquished Creatures
  Sonja (D)
  A deep troll (D)
  A slime creature (D)
  Sigmund (D)
  A yak (D)
  An ogre (D)
  A jelly (D)
  Ijyb (D)
8 creatures vanquished.

Notes
Turn   | Place    | Note
--------------------------------------------------------------
     0 | D        | Hipnos the Spriggan Enchanter began the quest for the Orb.
     0 | D        | Reached XP level 1. HP: 9/9 MP: 5/5
     1 | D        | Noticed Ijyb
     4 | D        | Killed Ijyb
     4 | D        | Reached skill level 6 in Stealth
     4 | D        | Reached XP level 2. HP: 13/13 MP: 7/7
    14 | D        | Learned a level 2 spell: Ensorcelled Hibernation
    18 | D        | Noticed an ogre
    21 | D        | Killed an ogre
    21 | D        | Reached skill level 9 in Stealth
    21 | D        | Reached XP level 3. HP: 16/16 MP: 8/10
    21 | D        | Reached XP level 4. HP: 21/21 MP: 8/11
    39 | D        | Learned a level 3 spell: Confuse
    43 | D        | Noticed Sigmund
    51 | D        | Killed Sigmund
    51 | D        | Reached skill level 11 in Stealth
    51 | D        | Reached skill level 10 in Hexes
    51 | D        | Reached XP level 5. HP: 22/24 MP: 4/14
   130 | D        | Found a deep blue altar of Sif Muna.
   132 | D        | Found a radiant altar of Vehumet.
   136 | D        | Became a worshipper of Sif Muna the Loreminder
   138 | D        | Reached skill level 12 in Stealth
   138 | D        | Reached skill level 1 in Ice Magic
   138 | D        | Reached XP level 6. HP: 28/28 MP: 14/16
   147 | D        | Found Licsad's Book Emporium.
   147 | D        | Found a white marble altar of Elyvilon.
   147 | D        | Found a stormy altar of Qazlal.
   147 | D        | Found a burning altar of Makhleb.
   147 | D        | Found a sacrificial altar of Ru.
   147 | D        | Found an oddly glowing altar of Pakellas.
   147 | D        | Found a basalt altar of Yredelemnul.
   147 | D        | Found a glowing golden altar of the Shining One.
   147 | D        | Found a sparkling altar of Nemelex Xobeh.
   147 | D        | Found a shimmering altar of Xom.
   147 | D        | Found an opulent altar of Gozag.
   147 | D        | Found an ancient bone altar of Kikubaaqudgha.
   147 | D        | Found a glowing silver altar of Zin.
   147 | D        | Noticed a yak
   148 | D        | Found an iron altar of Okawaru.
   149 | D        | Killed a yak
   149 | D        | Reached * piety under Sif Muna
   149 | D        | Reached skill level 5 in Dodging
   149 | D        | Reached skill level 13 in Stealth
   222 | D        | Found a snail-covered altar of Cheibriados.
   222 | D        | Found a viscous altar of Jiyva.
   222 | D        | Found a shadowy altar of Dithmenos.
   222 | D        | Found a blossoming altar of Fedhas.
   222 | D        | Noticed a slime creature
   242 | D        | Killed a slime creature
   242 | D        | Reached ** piety under Sif Muna
   242 | D        | Reached skill level 14 in Stealth
   242 | D        | Reached XP level 7. HP: 23/32 MP: 16/19
   300 | D        | Found a bloodstained altar of Trog.
   311 | D        | Noticed Sonja
   315 | D        | Killed Sonja
   315 | D        | Reached *** piety under Sif Muna
   315 | D        | Reached skill level 15 in Stealth
   315 | D        | Reached XP level 8. HP: 35/37 MP: 22/22
   333 | D        | Found Garif's Book Boutique.
   353 | D        | Noticed a deep troll
   357 | D        | Killed a deep troll
   357 | D        | Reached **** piety under Sif Muna
   357 | D        | Reached skill level 1 in Fighting
   357 | D        | Reached skill level 17 in Stealth
   357 | D        | Reached skill level 10 in Spellcasting
   367 | D        | Found Mofen's Armour Emporium.
   533 | D        | Noticed a centaur warrior
   533 | D        | Noticed a centaur warrior
   538 | D        | Shot with an arrow by a centaur warrior

Skill      XL: |  1  2  3  4  5  6  7  8 |
---------------+-------------------------+-----
Stealth        | 6 9 11 12 14 15 17 | 17.1
Spellcasting   | 3 4 6 7 9 10 | 10.2
Hexes          | 6 8 10 12 13 14 | 14.2
Dodging        | 4 5 6 |  6.9
Ice Magic      | 1 2 |  2.4
Short Blades   | 2 |  2.4
Fighting       | 1 |  1.0

Action                   |  1- 3 |  4- 6 |  7- 9 || total
-------------------------+-------+-------+-------++-------
Melee: Dagger            |     2 |    12 |     2 ||    16
 Cast: Ensorcelled Hiber |       |     5 |       ||     5
       Confuse           |       |     3 |       ||     3
  Use: Potion            |       |     1 |       ||     1
       Scroll            |       |       |     1 ||     1
 Stab: Sleeping          |     2 |     4 |     2 ||     8
       Confused          |       |     1 |       ||     1
Dodge: Dodged            |       |     7 |       ||     7
